 Dungeon Crawl Stone Soup version 0.20.1-4-g4af34eaf8e (webtiles) character file.

65 Alfie the Shooter (level 3, -1/31 HPs)
             Began as a Minotaur Hunter on Mar 10, 2020.
             Slain by Crazy Yiuf
             ... wielding a +3 quarterstaff of chaos
              (12 damage)
             ... on level 2 of the Dungeon.
             The game lasted 00:05:12 (1125 turns).

Alfie the Shooter (Minotaur Hunter)                 Turns: 1125, Time: 00:05:13

Health: -1/31      AC:  3    Str: 17    XL:     3   Next: 92%
Magic:  2/2        EV: 12    Int:  8    God:
Gold:   154        SH:  0    Dex: 10    Spells: 2/2 levels left

rFire    . . .     SeeInvis .   b - +0 short sword
rCold    . . .     Gourm    .   (no shield)
rNeg     . . .     Faith    .   c - +0 leather armour
rPois    .         Spirit   .   (helmet restricted)
rElec    .         Reflect  .   (no cloak)
rCorr    .         Harm     .   (no gloves)
MR       .....                  (no boots)
Stlth    +.........             (no amulet)
Regen    0.1/turn               (no ring)
MPRegen  0.1/turn               (no ring)

@: very slightly contaminated, drained
A: retaliatory headbutt, horns 2
a: no special abilities


You were on level 2 of the Dungeon.
You were not hungry.

You visited 1 branch of the dungeon, and saw 3 of its levels.

You collected 154 gold pieces.

Inventory:

Hand Weapons
 a - a +1 shortbow
 b - a +0 short sword (weapon)
Missiles
 d - 56 arrows
Armour
 c - a +0 leather armour (worn)
Scrolls
 e - a scroll of identify
 j - a scroll of amnesia
Potions
 g - a potion of agility
 m - a potion of berserk rage
 n - a potion of ambrosia {unknown}
 p - a potion of heal wounds {unknown}
Comestibles
 f - 3 bread rations
 h - a fruit
 i - 2 royal jellies


   Skills:
 + Level 3.0(2.8) Fighting
 + Level 0.2(0.0) Short Blades
 + Level 5.2(4.9) Bows
 + Level 1.6(1.4) Armour
 + Level 2.6(2.4) Dodging
 + Level 0.8(0.6) Stealth


You had 2 spell levels left.
You didn't know any spells.

Dungeon Overview and Level Annotations

Branches:
Dungeon (3/15)

Altars:

Annotations:
D:2 Crazy Yiuf


Innate Abilities, Weirdness & Mutations

You reflexively headbutt those who attack you in melee.
You have a pair of horns on your head.


Message History

Crazy Yiuf completely misses you. You furiously retaliate!
You headbutt Crazy Yiuf.
You climb upwards.
There is a stone staircase leading down here.
Crazy Yiuf laughs, "Hah!"
Crazy Yiuf hits you with a quarterstaff of chaos.
You feel drained.
Crazy Yiuf says, "Lugonu!
Proton tortoise light."
Your leather armour prevents you from hitting Crazy Yiuf.
Crazy Yiuf is lightly wounded.
Crazy Yiuf whimpers, "Ice green Hive!"
Crazy Yiuf hits you with a quarterstaff of chaos.
Crazy Yiuf freezes you.
You hit Crazy Yiuf. Your headbutt misses Crazy Yiuf.
Crazy Yiuf is moderately wounded.
Crazy Yiuf misses you.
You hit Crazy Yiuf.
Crazy Yiuf is moderately wounded.
Crazy Yiuf hits you with a quarterstaff of chaos!
You die...

#######.........##.#
########.....# ###
### #.##### ######.#
#.# #.# .......###.#
#.# ...........# #.#
.####......# #># .#
#.###.###########.#
.# #.#
#...)...@g....# .#
#.# ###############
.# #.# ***####*****
.# #.# *,....,,,,,*
)####.####..#**,*,*,*
.......†)..#,,,,,,*,*
.(#######.†#,,,,,,*,*
..# *..'..,,,,,,* .##
*..'....,,*,*


You could see Crazy Yiuf.

Vanquished Creatures
  2 adders (D:2)
  An ooze (D:1)
  A leopard gecko (D:2)
  6 goblins
  5 hobgoblins
  10 jackals (D:1)
  3 kobolds (D:1)
  3 bats
  4 rats
35 creatures vanquished.

Notes
Turn   | Place    | Note
-------+----------+-------------------------------------------
     0 | D:1      | Alfie the Minotaur Hunter began the quest for the Orb.
     0 | D:1      | Reached XP level 1. HP: 18/18 MP: 0/0
   172 | D:1      | Reached XP level 2. HP: 22/25 MP: 1/1
   361 | D:1      | Reached skill level 5 in Bows
   449 | D:1      | Reached XP level 3. HP: 18/30 MP: 2/2
   623 | D:2      | Reached skill level 1 in Armour
  1081 | D:2      | Found a runed door.
  1086 | D:2      | Noticed Crazy Yiuf
  1125 | D:2      | Slain by Crazy Yiuf

Skill      XL: |  1  2  3 |
---------------+----------+-----
Bows           | 5 |  5.2
Armour         | 1 |  1.6
Fighting       | 3 |  3.0
Short Blades   | |  0.2
Dodging        | |  2.6
Stealth        | |  0.8

Action                   || total
-------------------------++-------
Melee: Short sword       ||    68
       Headbutt          ||     8
 Fire: Shortbow          ||    33
  Use: Scroll            ||     4
       Potion            ||     4
  Eat: Fruit             ||     1
Armor: Leather armour    ||    15
       Skin              ||     9
Dodge: Dodged            ||    82
